 Dungeon Crawl Stone Soup version 0.24.0-29-g8ce449bc06 (webtiles) character file.

Game seed: 7561426327597091446, levelgen mode: deterministic

101632 Gumption the Thaumaturge (level 15, -7/119 HPs)
             Began as a Demonspawn Necromancer on Nov 15, 2019.
             Was the Champion of Kikubaaqudgha.
             Mangled by a tentacle (27 damage)
             ... attached to a kraken
             ... on level 1 of the Shoals.
             The game lasted 05:13:07 (34477 turns).

Gumption the Thaumaturge (Demonspawn Necromancer)  Turns: 34477, Time: 05:13:07

Health: -7/119     AC: 12    Str: 17    XL:     15   Next: 83%
Magic:  26/33      EV: 19    Int: 31    God:    Kikubaaqudgha [******]
Gold:   2462       SH: 12    Dex: 16    Spells: 2/43 levels left

rFire    . . .     SeeInvis .   a - +11 lajatang "Xiokikk" {slice, *Noise Int+5}
rCold    . . .     Gourm    .   (shield currently unavailable)
rNeg     + . .     Faith    .   f - +2 robe {MR+}
rPois    .         Spirit   .   F - +0 helmet
rElec    .         Reflect  +   r - +2 cloak
rCorr    .         Harm     .   W - +2 pair of gloves of Ototob {Regen+ Str+2 Int+4}
MR       +++..                  V - +0 pair of boots
Stlth    +++.......             q - +6 amulet of reflection
HPRegen  1.69/turn              R - ring of Contentment {rN+ MR+ Dex+3}
MPRegen  0.23/turn              S - ring "Koih" {Wiz Stlth+}

@: mighty, regenerating
A: talons 2, large bone plates 2, powered by pain 2, spiny 2
a: Receive Corpses, Torment, Renounce Religion


You were on level 1 of the Shoals.
You worshipped Kikubaaqudgha.
Kikubaaqudgha was exalted by your worship.
You were not hungry.

You visited 5 branches of the dungeon, and saw 25 of its levels.
You also visited: Ice Cave.

You collected 2657 gold pieces.
You spent 195 gold pieces at shops.

Inventory:

Hand Weapons
 a - the +11 lajatang "Xiokikk" (weapon) {slice, *Noise Int+5}
   (You found it on level 7 of the Dungeon)

   It inflicts extra damage upon your enemies.
   It affects your intelligence (+5).
   It may make noises in combat.
 b - a +1 hunting sling of freezing
Missiles
 m - 7 curare-tipped darts (quivered)
 o - 136 sling bullets
 y - 44 poisoned darts
 H - 3 throwing nets
Armour
 f - a +2 robe of magic resistance (worn)
 r - a +2 cloak (worn)
 w - +0 fire dragon scales
 F - a +0 helmet (worn)
 V - a +0 pair of boots (worn)
 W - the +2 pair of gloves of Ototob (worn) {Regen+ Str+2 Int+4}
   (You found it in an ice cave)

   It affects your strength (+2).
   It affects your intelligence (+4).
   It increases your rate of regeneration.
 Y - a +0 robe of resistance
Jewellery
 q - a +6 amulet of reflection (around neck)
 B - an uncursed amulet of regeneration
 P - an uncursed ring of protection from magic
 Q - the ring "Ociergh" {rCorr Str+3 Int+2}
   (You took it off a yaktaur on level 10 of the Dungeon)

   [ring of resist corrosion]

   It affects your strength (+3).
   It affects your intelligence (+2).
   It provides partial protection from all sources of acid and corrosion.
 R - the ring of Contentment (left hand) {rN+ MR+ Dex+3}
   (You took it off a deep elf mage on level 10 of the Dungeon)

   [ring of protection from magic]

   It affects your dexterity (+3).
   It protects you from negative energy.
   It affects your resistance to hostile enchantments.
 S - the ring "Koih" (right hand) {Wiz Stlth+}
   (You found it on level 10 of the Dungeon)

   [ring of wizardry]

   It improves your spell success rate.
   It makes you more stealthy.
Wands
 c - a wand of clouds (6)
 h - a wand of acid (5)
 x - a wand of iceblast (27)
 D - a wand of disintegration (16)
 E - a wand of flame (53)
 L - a wand of paralysis (21)
Scrolls
 k - 5 scrolls of blinking
 l - 17 scrolls of teleportation
 s - 4 scrolls of immolation
 z - 4 scrolls of fog
 A - 6 scrolls of identify
 C - a scroll of silence
 I - 10 scrolls of remove curse
 M - a scroll of torment
Potions
 d - 4 potions of resistance
 g - 7 potions of curing
 i - 2 potions of mutation
 j - 2 potions of invisibility
 n - 2 potions of lignification
 p - 3 potions of ambrosia
 t - 4 potions of berserk rage
 u - 7 potions of brilliance
 v - a potion of cancellation
 J - a potion of agility
 N - 3 potions of magic
 T - 5 potions of flight
 X - 2 potions of heal wounds
Miscellaneous
 G - a sack of spiders
 Z - a box of beasts
Comestibles
 e - 30 rations


   Skills:
 + Level 11.5 Fighting
 + Level 8.3 Staves
 - Level 10.0 Dodging
 - Level 1.7 Stealth
 + Level 14.9 Spellcasting
 - Level 6.0 Conjurations
 - Level 2.0 Charms
 + Level 14.1 Necromancy
   Level 3.0 Air Magic
 - Level 3.0 Earth Magic
   Level 3.0 Poison Magic


You had 2 spell levels left.
You knew the following spells:

 Your Spells              Type           Power        Failure   Level  Hunger
a - Bolt of Draining      Conj/Necr      ######....   1%          5    None
b - Animate Dead          Necr           N/A          1%          4    None
c - Vampiric Draining     Necr           #######...   0%          3    None
d - Animate Skeleton      Necr           N/A          0%          1    None
e - Borgnjor's Vile Clut  Necr/Erth      ######....   1%          5    None
f - Sublimation of Blood  Necr           #######...   0%          2    None
g - Blink                 Tloc           N/A          1%          2    None
h - Conjure Flame         Conj/Fire      #####...     1%          3    None
i - Borgnjor's Revivific  Necr           #######...   16%         8    ######.
s - Dispel Undead         Necr           #######.     1%          5    None
z - Regeneration          Chrm/Necr      ######....   1%          3    None

Your spell library contained the following spells:

 Spells                   Type           Power        Failure   Level  Hunger
 Pain                     Necr           ####         0%          1    None
 Corpse Rot               Necr           N/A          0%          2    None
 Infusion                 Chrm           ####         1%          1    None
 Magic Dart               Conj           ####         1%          1    None
 Shock                    Conj/Air       ####         1%          1    None
 Call Imp                 Summ           ###.....     1%          2    None
 Passwall                 Tmut/Erth      ####....     1%          2    None
 Shroud of Golubria       Chrm/Tloc      ####..       1%          2    None
 Slow                     Hex            ###.....     1%          2    None
 Song of Slaying          Chrm           #####...     1%          2    None
 Swiftness                Chrm/Air       #####...     1%          2    None
 Throw Frost              Conj/Ice       #####.       1%          2    None
 Mephitic Cloud           Conj/Pois/Air  #####...     1%          3    None
 Spectral Weapon          Hex/Chrm       ####....     1%          3    None
 Static Discharge         Conj/Air       ######..     1%          3    None
 Excruciating Wounds      Chrm/Necr      ######....   1%          5    None
 Recall                   Summ/Tloc      N/A          2%          3    None
 Airstrike                Air            #####.....   2%          4    None
 Throw Icicle             Conj/Ice       #####...     2%          4    None
 Lightning Bolt           Conj/Air       ######....   3%          5    None
 Irradiate                Conj/Tmut      #####.....   6%          5    None
 Lee's Rapid Deconstruct  Erth           #####.....   6%          5    None
 Infestation              Necr           #######...   16%         8    ######.
 Aura of Abjuration       Summ           ###.......   22%         5    None
 Summon Demon             Summ           ###.......   22%         5    None
 Summon Forest            Summ/Tloc      ###.......   22%         5    None
 Summon Mana Viper        Hex/Summ       ###.....     22%         5    None
 Haunt                    Necr/Summ      ######....   32%         7    #####..
 Statue Form              Tmut/Erth      ####.....    52%         6    ###....
 Hydra Form               Tmut           ###.......   73%         6    ###....
 Shadow Creatures         Summ           N/A          73%         6    ###....
 Death's Door             Chrm/Necr      ######....   86%         8    ######.
 Necromutation            Tmut/Necr      ######....   93%         8    ######.
 Dragon Form              Tmut           ###.......   99%         7    #####..


Dungeon Overview and Level Annotations

Branches:
Dungeon (15/15) Temple (1/1) D:7 Lair (6/6) D:9 Shoals (1/4) Lair:3 Snake (0/4) Lair:4 Slime (0/5) Lair:5 Orc (2/2) D:12 Elf (0/3) Orc:2 Vaults (0/5) D:13 D:14 Depths (0/5) D:15 IceCv (visited)

Altars:
Ashenzari
Cheibriados
Dithmenos
Elyvilon
Fedhas
Gozag
Hepliaklqana
Kikubaaqudgha
Makhleb
Nemelex Xobeh
Okawaru
Qazlal
Ru
Sif Muna
Trog
Uskayaw
Vehumet
Wu Jian
Xom
Yredelemnul
Zin
The Shining One
Lugonu

Shops:
D:7 ?:   D:12 %   D:13 }   Orc:2 (*(=

Portals:
Trove: D:11 (give +6 demon whip)

Annotations:
Orc:2 2 transporters, loom's ghost, journeyman MiBe


Innate Abilities, Weirdness & Mutations

You have razor-sharp toenails.
You are mostly covered in large bone plates. (SH +6)
You sometimes gain power by taking damage.
You are mostly covered in sharp spines.


Message History

Your snapping turtle zombie crumbles into dust!
A tentacle segment bursts forth from the water.
A tentacle rises from the water!
A tentacle comes into view.
Casting: Bolt of Draining (safe; 1% risk of failure)
Confirm with . or Enter, or press ? or * to list all spells.
Aiming: Bolt of Draining (safe; 1% risk of failure)
Press: ? - help, Shift-Dir - straight line, f - snapping turtle
Aim: a snapping turtle The bolt of negative energy hits the snapping turtle!
The snapping turtle is drained!
The snapping turtle is moderately wounded.
The tentacle slaps you!
* * * LOW HITPOINT WARNING * * *
You focus on the pain.
You feel your power returning. The tentacle is struck by your spines.
The tentacle completely misses you. You block the snapping turtle's attack.
The tentacle is struck by your spines. The tentacle slaps you!!
You die...
Kikubaaqudgha rasps: "You have failed me!
Welcome... death!"

≈≈≈≈≈≈≈≈≈≈..≈≈≈≈≈≈≈≈≈≈≈
≈≈≈≈≈≈≈≈≈....≈≈≈≈≈≈≈≈≈≈
≈≈≈≈≈≈....##.≈≈≈≈≈≈≈≈≈≈
≈≈≈≈.......#.≈≈≈≈≈≈≈≈≈≈≈≈≈≈
≈≈≈≈...#..≈≈≈≈≈≈≈≈≈≈≈≈≈≈≈≈≈
≈≈≈≈≈.###.≈≈≈≈≈≈....≈≈≈≈≈≈≈
≈≈≈≈..###.≈≈≈≈≈≈..#..≈≈≈≈≈≈
≈≈≈≈.....≈≈≈≈≈...## ...≈≈≈≈
≈≈≈≈≈....≈≈≈≈≈≈w@###....≈≈≈
≈≈≈≈≈≈..≈≈≈≈≈≈≈www*....≈≈≈≈
≈≈≈≈≈..≈≈≈≈≈≈≈≈≈t≈H≈≈≈.≈≈≈≈
≈≈≈.....≈≈≈≈≈≈≈≈≈≈≈≈≈≈≈≈≈≈≈
≈≈......≈≈≈≈≈≈k≈≈≈≈≈≈≈≈≈≈≈≈
≈.....≈.≈≈≈≈≈≈≈≈≈≈≈≈X≈≈≈≈≈≈
≈.......≈≈≈≈≈≈≈≈.≈≈≈≈≈≈≈≈≈≈
........≈≈≈≈≈≈≈≈..≈≈≈≈≈≈≈≈≈
..#......≈≈≈≈≈≈≈..≈≈≈≈≈≈≈≈≈


You could see a kraken, a snapping turtle, a wind drake, 4 tentacles and a
hippogriff.

Vanquished Creatures
  A reaper (IceCv)
  2 stone giants (Orc:2)
  Nessos (Orc:2)
  4 dire elephants (Lair:6)
  Josephine (Orc:2)
  2 fire dragons
  Snorg (D:13)
  An ice dragon (D:15)
  3 hydras
  A merfolk avatar (Shoals:1)
  4 centaur warriors
  3 two-headed ogres
  8 death yaks
  6 orc high priests (Orc:2)
  2 sea snakes (Shoals:1)
  3 unseen horrors
  Pikel (D:7)
  2 lindwurms (Lair:4)
  9 orc knights
  10 ugly things
  2 oklob plants
  A cyclops (D:15)
  An orc sorcerer (Orc:2)
  A wolf spider (D:15)
  4 deep elf magi
  3 fauns (Shoals:1)
  4 manticores
  2 water nymphs (Shoals:1)
  3 merfolk sirens (Shoals:1)
  16 elephants
  Maurice (D:8)
  2 ice statues (IceCv)
  3 black mambas
  13 spiny frogs
  7 centaur skeletons
  A rime drake (Lair:1)
  6 komodo dragons
  6 ice devils (IceCv)
  A yaktaur (D:10)
  An efreet (D:15)
  A freezing wraith (D:13)
  4 trolls
  A hornet (Lair:1)
  Prince Ribbit (Lair:2)
  7 slime creatures
  5 blink frogs
  A snapping turtle (Shoals:1)
  7 hippogriffs
  2 spriggans
  8 wyverns
  A water elemental (D:11)
  14 humans
  7 wraiths
  29 yaks
  3 basilisks (Lair:6)
  A steam dragon (D:10)
  A vampire mosquito (D:13)
  A hungry ghost (D:8)
  4 nagas (Lair:4)
  A soldier ant (D:10)
  2 acid dragons
  3 wargs (Orc:1)
  8 porcupines
  12 water moccasins
  Duvessa (D:4)
  7 black bears
  28 orc warriors
  6 sky beasts
  2 ice beasts
  5 phantoms
  4 ogres
  38 wolves
  8 centaurs
  2 necrophages (D:10)
  14 crocodiles
  A big kobold (D:11)
  21 bullfrogs
  Dowan (D:3)
  A wyvern skeleton (D:14)
  3 scorpions
  A water moccasin skeleton (D:5)
  6 killer bees (D:13)
  11 wights
  2 centaur zombies
  2 crimson imps
  4 howler monkeys
  3 quasits
  Crazy Yiuf (D:2)
  26 orc priests
  A bullfrog skeleton (D:7)
  10 hounds
  4 jellies
  21 orc wizards
  4 human zombies (D:8)
  Terence (D:1)
  4 iguanas
  Ijyb (D:5)
  Natasha (thrice) (D:2)
  A human skeleton (D:8)
  9 worker ants
  An ogre zombie (D:8)
  A mummy (D:8)
  5 worker ant zombies
  8 gnolls
  12 adders
  2 shadow imps
  6 white imps (IceCv)
  7 ufetubi (IceCv)
  5 oozes (D:9)
  2 worms
  2 dart slugs
  6 leopard geckos
  84 orcs
  5 giant cockroaches
  4 hobgoblins
  17 jackals
  7 quokkas
  5 ball pythons
  6 bats
  4 frilled lizards
  6 goblins
  9 kobolds
  An orc skeleton (D:8)
  A quokka skeleton (D:4)
  8 rats
  2 fungi
  5 plants
  A tentacle (Shoals:1)
746 creatures vanquished.

Vanquished Creatures (collateral kills)
  An anaconda (Lair:6)
  A two-headed ogre (D:14)
  A manticore (Shoals:1)
  2 ugly things
  2 fauns (Shoals:1)
  3 elephants (Lair:6)
  A torpor snail (Lair:4)
  A gargoyle (D:14)
  A black mamba (Lair:4)
  2 spiny frogs
  2 komodo dragons
  A polar bear (Lair:4)
  A snapping turtle (Shoals:1)
  A blink frog (Lair:4)
  A hippogriff (Lair:3)
  A spriggan (shapeshifter) (D:13)
  6 yaks
  A wyvern (Lair:1)
  A wraith (Orc:2)
  A spriggan (Lair:4)
  2 humans (D:14)
  3 hungry ghosts
  A vampire mosquito (D:13)
  An acid dragon (D:14)
  A warg (Orc:1)
  3 porcupines
  An orc warrior (Orc:2)
  An ice beast (D:12)
  2 ogres
  5 wolves
  2 centaurs (D:12)
  3 crocodiles
  2 scorpions
  3 wights
  A jelly (D:14)
  An orc priest (Orc:2)
  An orc wizard (D:3)
  A worker ant (D:8)
  A killer bee zombie (D:9)
  A shadow imp (D:6)
  A dart slug (D:1)
  10 orcs
  A jackal (D:8)
  A quokka (D:12)
  A frilled lizard (D:5)
  A jackal zombie (D:7)
  3 fungi
  3 plants
88 creatures vanquished.

Vanquished Creatures (others)
  An ice beast (D:7)
  2 white imps (IceCv)
  7 ufetubi (IceCv)
  12 fungi
  43 plants
  2 tentacles (Shoals:1)
67 creatures vanquished.

Grand Total: 901 creatures vanquished

Notes
Turn   | Place    | Note
-------+----------+-------------------------------------------
     0 | D:1      | Gumption the Demonspawn Necromancer began the quest for the
                  | Orb.
     0 | D:1      | Reached XP level 1. HP: 13/13 MP: 3/3
     2 | D:1      | Learned a level 1 spell: Animate Skeleton
   536 | D:1      | Gained mutation: You are partially covered in sharp spines.
                  | [demonic ancestry]
   536 | D:1      | Reached XP level 2. HP: 16/20 MP: 0/5
  1125 | D:2      | Noticed Natasha
  1176 | D:2      | Noticed Terence
  1258 | D:1      | Killed Terence
  1258 | D:1      | Reached skill level 1 in Fighting
  1258 | D:1      | Reached skill level 5 in Necromancy
  1258 | D:1      | Reached XP level 3. HP: 7/26 MP: 3/6
  2124 | D:2      | Learned a level 3 spell: Vampiric Draining
  2789 | D:2      | Reached XP level 4. HP: 26/32 MP: 3/7
  3007 | D:1      | Learned a level 3 spell: Regeneration
  3012 | D:2      | Killed Natasha
  3456 | D:2      | Reached XP level 5. HP: 13/38 MP: 0/9
  3727 | D:2      | Found an iron altar of Okawaru.
  3950 | D:2      | Found a runed translucent door.
  3955 | D:2      | Noticed Crazy Yiuf
  3964 | D:2      | Killed Crazy Yiuf
  4171 | D:2      | Noticed Natasha
  4178 | D:2      | Killed Natasha
  4499 | D:2      | Found an iron altar of Okawaru.
  4763 | D:2      | Noticed Natasha
  4862 | D:2      | Killed Natasha
  5513 | D:3      | Gained mutation: You are partially covered in large bone
                  | plates. (SH +4) [demonic ancestry]
  5513 | D:3      | Reached XP level 6. HP: 32/46 MP: 4/10
  6497 | D:3      | Found a bloodstained altar of Trog.
  6603 | D:4      | Found a snail-covered altar of Cheibriados.
  6604 | D:4      | Found an ornate altar of the Wu Jian Council.
  6608 | D:4      | Found a sparkling altar of Nemelex Xobeh.
  6612 | D:4      | Found a burning altar of Makhleb.
  6614 | D:4      | Found a white marble altar of Elyvilon.
  6614 | D:4      | Found a shimmering blue altar of Sif Muna.
  6614 | D:4      | Found a blossoming altar of Fedhas.
  6619 | D:4      | Found a shattered altar of Ashenzari.
  6723 | D:4      | Noticed Duvessa
  6734 | D:4      | Noticed Dowan
  6750 | D:4      | Killed Duvessa
  6949 | D:3      | Killed Dowan
  6949 | D:3      | Reached skill level 1 in Charms
  6949 | D:3      | Gained mutation: You are mostly covered in sharp spines.
                  | [demonic ancestry]
  6949 | D:3      | Reached XP level 7. HP: 48/52 MP: 6/12
  7039 | D:4      | Found Zin's Purification Station.
  7048 | D:4      | Found a glowing silver altar of Zin.
  7537 | D:5      | Entered Level 5 of the Dungeon
  7574 | D:5      | Learned a level 4 spell: Animate Dead
  7980 | D:5      | Noticed Ijyb
  7989 | D:5      | Killed Ijyb
  8231 | D:5      | Gained mutation: You have sharp toenails. [demonic
                  | ancestry]
  8231 | D:5      | Reached XP level 8. HP: 27/60 MP: 14/14
  8984 | D:4      | Bought a potion of curing for 90 gold pieces
  9057 | D:6      | Reached skill level 5 in Spellcasting
  9935 | D:7      | Found Gimurch's Book Shoppe.
 10274 | D:7      | Found a blossoming altar of Fedhas.
 10311 | D:7      | Got a brightly glowing lajatang
 10451 | D:7      | Noticed Pikel
 10460 | D:7      | Killed Pikel
 10460 | D:7      | Reached skill level 5 in Fighting
 10460 | D:7      | Reached XP level 9. HP: 54/68 MP: 16/18
 10546 | D:7      | Found Lerimot's Magic Scroll Shop.
 10554 | D:7      | Bought a scroll of identify for 30 gold pieces
 10554 | D:7      | Bought a scroll of identify for 30 gold pieces
 10554 | D:7      | Bought a scroll of remove curse for 45 gold pieces
 10636 | D:7      | Found a staircase to the Ecumenical Temple.
 10647 | Temple   | Entered the Ecumenical Temple
 10673 | Temple   | Became a worshipper of Kikubaaqudgha
 11105 | D:8      | Found a sparkling altar of Nemelex Xobeh.
 11127 | D:8      | Learned a level 3 spell: Mephitic Cloud
 11175 | D:8      | Noticed Maurice
 11182 | D:8      | Identified the +11 lajatang "Xiokikk" {slice, *Noise Int+5}
                  | (You found it on level 7 of the Dungeon)
 11201 | D:8      | Reached skill level 1 in Conjurations
 11201 | D:8      | Reached skill level 1 in Poison Magic
 11261 | D:8      | Killed Maurice
 11261 | D:8      | Reached skill level 1 in Air Magic
 11463 | D:8      | Reached * piety under Kikubaaqudgha
 11463 | D:8      | Identified Kikubaaqudgha's Tome of Dark Magic
                  | (Kikubaaqudgha gifted it to you on level 8 of the Dungeon)
 11463 | D:8      | Received a gift from Kikubaaqudgha
 11476 | D:8      | Learned a level 2 spell: Sublimation of Blood
 11510 | D:8      | Found a basalt altar of Yredelemnul.
 11691 | D:8      | Gained mutation: You sometimes gain a little power by
                  | taking damage. [demonic ancestry]
 11691 | D:8      | Reached XP level 10. HP: 74/76 MP: 21/21
 11837 | D:8      | Learned a level 2 spell: Blink
 11841 | D:8      | Learned a level 3 spell: Conjure Flame
 12132 | D:9      | Found a staircase to the Lair.
 12157 | D:9      | Found a radiant altar of Vehumet.
 12213 | D:9      | Found a stormy altar of Qazlal.
 12244 | D:9      | Reached ** piety under Kikubaaqudgha
 12940 | D:10     | Entered Level 10 of the Dungeon
 13151 | D:10     | Reached skill level 5 in Dodging
 13285 | D:10     | Reached *** piety under Kikubaaqudgha
 13285 | D:10     | Identified Kikubaaqudgha's Disquisition on Necromancy
                  | (Kikubaaqudgha gifted it to you on level 10 of the Dungeon)
 13285 | D:10     | Received a gift from Kikubaaqudgha
 13468 | D:10     | Noticed a two-headed ogre
 13489 | D:10     | Identified the ring "Ociergh" {rCorr Str+3 Int+2}
 13491 | D:10     | Killed a two-headed ogre
 13558 | D:10     | Identified the ring of Qaefuet {*Drain +Fly Str+7 Stlth+}
 13558 | D:10     | Noticed a centaur warrior
 13574 | D:10     | Killed a centaur warrior
 13574 | D:10     | Reached XP level 11. HP: 53/81 MP: 21/23
 13696 | D:10     | Learned a level 5 spell: Borgnjor's Vile Clutch
 13712 | D:10     | Identified the ring of Contentment {rN+ MR+ Dex+3}
 13712 | D:10     | Noticed a deep elf mage
 13729 | D:10     | Killed a deep elf mage
 13798 | D:10     | Noticed a two-headed ogre
 13811 | D:10     | Killed a two-headed ogre
 13811 | D:10     | Reached skill level 10 in Necromancy
 13832 | D:10     | Got a coiled bone ring
 13833 | D:10     | Identified the ring "Koih" {Wiz Stlth+} (You found it on
                  | level 10 of the Dungeon)
 14036 | D:10     | Reached skill level 1 in Earth Magic
 14092 | Lair:1   | Entered Level 1 of the Lair of Beasts
 14144 | Lair:1   | Reached skill level 1 in Staves
 14152 | Lair:1   | Noticed a spriggan rider
 14164 | Lair:1   | Reached skill level 5 in Conjurations
 14478 | Lair:1   | Reached **** piety under Kikubaaqudgha
 14491 | Lair:1   | Got a crude buckler
 15587 | Lair:2   | Reached skill level 10 in Spellcasting
 15638 | Lair:2   | Got a brightly glowing robe
 15654 | Lair:2   | Identified the +3 robe "Zucsol" {rC+++ MR- Int+4} (You
                  | found it on level 2 of the Lair of Beasts)
 15856 | Lair:2   | Gained mutation: You have razor-sharp toenails. [demonic
                  | ancestry]
 15856 | Lair:2   | Reached XP level 12. HP: 92/92 MP: 26/26
 15904 | Lair:2   | Got a smoking war axe
 16098 | Lair:2   | Noticed Prince Ribbit
 16210 | Lair:2   | Killed Prince Ribbit
 16841 | Lair:3   | Found a staircase to the Shoals.
 17507 | Lair:4   | Found a staircase to the Snake Pit.
 17564 | Lair:4   | You fall into a shaft and drop 1 floor!
 17673 | Lair:5   | Noticed a six-headed hydra
 17682 | Lair:5   | HP: 2/92 [eight-headed hydra (4)]
 17686 | Lair:5   | Killed an eight-headed hydra
 17707 | Lair:5   | Reached ***** piety under Kikubaaqudgha
 18034 | Lair:4   | Identified the cursed +1 war axe "Alicw" {chop, *Drain +Inv
                  | Dex+3 SInv} (You found it on level 2 of the Lair of Beasts)
 18042 | Lair:4   | Learned a level 5 spell: Bolt of Draining
 18790 | Lair:4   | Gained mutation: You are mostly covered in large bone
                  | plates. (SH +6) [demonic ancestry]
 18790 | Lair:4   | Reached XP level 13. HP: 35/99 MP: 18/28
 19426 | Lair:5   | Identified the +3 buckler "Nyrrytah" {rPois rN+ Int+4
                  | Stlth-} (You found it on level 1 of the Lair of Beasts)
 19716 | Lair:5   | Found a staircase to the Slime Pits.
 19979 | Lair:6   | Entered Level 6 of the Lair of Beasts
 21474 | Lair:6   | Found a bloodstained altar of Trog.
 21796 | Lair:6   | Reached skill level 5 in Staves
 22654 | Lair:6   | Noticed a dire elephant
 22654 | Lair:6   | Noticed a dire elephant
 22662 | Lair:6   | Noticed a dire elephant
 22663 | Lair:6   | Killed a dire elephant
 22676 | Lair:6   | Noticed a dire elephant
 22823 | Lair:6   | Killed a dire elephant
 22823 | Lair:6   | Gained mutation: You sometimes gain power by taking damage.
                  | [demonic ancestry]
 22823 | Lair:6   | Reached XP level 14. HP: 105/108 MP: 5/30
 23192 | Lair:6   | Got a scintillating diamond amulet
 23342 | Lair:6   | Learned a level 5 spell: Dispel Undead
 23700 | D:11     | Found a frozen archway.
 23727 | IceCv    | Entered an ice cave
 24098 | IceCv    | Got a pair of bloodstained gloves
 24109 | IceCv    | Identified the +2 pair of gloves of Ototob {Regen+ Str+2
                  | Int+4} (You found it in an ice cave)
 24218 | IceCv    | Noticed a reaper
 24225 | IceCv    | Killed a reaper
 24283 | IceCv    | Identified the amulet of Midnight {+Rage rC- rN+ Dex+4}
                  | (You found it on level 6 of the Lair of Beasts)
 24608 | D:11     | Found a portal to a secret trove of treasure.
 25691 | D:12     | Reached skill level 10 in Fighting
 25727 | D:12     | Reached ****** piety under Kikubaaqudgha
 25756 | D:12     | Found a staircase to the Orcish Mines.
 25787 | D:12     | Identified the Papyrus of the Icy Mountains
 26359 | D:12     | Found Xiow's Food Boutique.
 26496 | D:12     | Found a burning altar of Makhleb.
 26736 | Orc:1    | Entered Level 1 of the Orcish Mines
 27403 | Orc:2    | Entered Level 2 of the Orcish Mines
 27403 | Orc:2    | Found a staircase to the Elven Halls.
 27460 | Orc:2    | Noticed Nessos
 27585 | Orc:2    | Found a transporter.
 27592 | Orc:2    | Noticed loom's ghost (journeyman MiBe)
 27594 | Orc:2    | Noticed a stone giant
 27610 | Orc:2    | Killed a stone giant
 27735 | Orc:2    | Killed Nessos
 27815 | Orc:2    | Noticed Josephine
 27823 | Orc:2    | Noticed a stone giant
 27826 | Orc:2    | Killed Josephine
 27840 | Orc:2    | Killed a stone giant
 28075 | Orc:2    | Found a transporter.
 29279 | Orc:2    | Reached skill level 10 in Dodging
 29691 | Orc:2    | Reached XP level 15. HP: 117/117 MP: 5/33
 30011 | Orc:2    | Found Keptigh's Weapon Emporium.
 30014 | Orc:2    | Found Muqiak's General Store.
 30015 | Orc:2    | Found Naytz's Jewellery Emporium.
 30016 | Orc:2    | Found Madidief's Weapon Emporium.
 30145 | Orc:2    | Received a gift from Kikubaaqudgha
 30642 | D:13     | Noticed Snorg
 30648 | D:13     | Killed Snorg
 30681 | D:13     | Found Wophetai's Gadget Emporium.
 31532 | D:14     | Found a gate to the Vaults.
 32516 | D:15     | Entered Level 15 of the Dungeon
 32792 | D:15     | Found a staircase to the Depths.
 32832 | D:15     | Learned a level 8 spell: Borgnjor's Revivification
 33918 | Shoals:1 | Entered Level 1 of the Shoals
 34466 | Shoals:1 | Noticed a kraken
 34477 | Shoals:1 | Mangled by a tentacle

Levels and vault maps discovered:
D:1:      scummos_arrival_simple_crosswalls, layout_loops_ring
D:2:      layout_loops_ring, okawaru_metal_pillars_1_2, uniq_natasha,
          uniq_crazy_yiuf_cottage, uniq_terence
D:3:      layout_loops_corners, lightli_temple_of_fire
D:4:      layout_rooms, zin_purify, minitemple, first_ration, uniq_duvessa
D:5:      layout_basic, uniq_ijyb
D:6:      layout_gridville
D:7:      layout_layer_cave, temple_statues, serial_shops,
          nicolae_shop_competitors_out_of_business, nicolae_shop_crystal,
          fedhas_altar_fruit_tree, uniq_pikel
D:8:      layout_basic, lemuel_mausoleum_altar_yredelemnul, basic_altar,
          uniq_maurice
D:9:      layout_loops_corners, overflow_temple_1_default, dpeg_oklobed_lair,
          hangedman_little_slice_of_home, minmay_misc_feat_nine_boxes,
          nicolae_qazlal_style_of_elements
D:10:     minmay_the_grid_triangle_9x9_rhombus_thin
          [minmay_the_grid_triangle_9x9_limited_checkers,
          minmay_the_grid_triangle_9x9_prize_special,
          minmay_the_grid_triangle_9x9_windchime,
          minmay_the_grid_triangle_9x9_impossible_snake], layout_loops_ring
D:11:     dragon1_lemuel, layout_loops_corners, nicolae_trove_entry_columns,
          portal_ice_cave_entry_pillars_1
D:12:     layout_loops_ring, orc_0_dummy, serial_shops, shop_statue,
          lemuel_centaur_altar
D:13:     layout_stronghold, serial_shops, nicolae_shop_trees, library_closet,
          uniq_snorg
D:14:     layout_long_grid, david_vaults_3
D:15:     grunt_enter_depths_hoard, layout_loops_corners, minmay_misc_feat_iff
Temple:   corrupted_temple
Lair:1:   layout_misc_corridors, grunt_forest_large_clearings
Lair:2:   layout_long_grid, lemuel_fruit_tree, uniq_prince_ribbit2
Lair:3:   layout_roguey, minmay_shoals_entry_beasts, beast_lair_carwin_5
Lair:4:   cheibrodos_lair_overgrown_chateau, layout_long_grid,
          minmay_snake_entry_guardpost_medium, forest_entry_grove
Lair:5:   layout_misc_corridors, minmay_slime_entry_oklob_enclosed,
          infiniplex_staircase_pool_2
Lair:6:   due_jungle_book, layout_gridlike, lemuel_oklob_altar,
          grunt_megastairs_2
Shoals:1: layout_shoals
Orc:1:    layout_caves, nicolae_orc_flooded_monolith, nooodl_orcs_dogs
Orc:2:    st_orc_pillars, layout_diamond_mine, gammafunk_ghost_stat_death,
          uniq_nessos, uniq_josephine

Skill      XL: |  1  2  3  4  5  6  7  8  9 10 11 12 13 14 15 |
---------------+----------------------------------------------+-----
Fighting       | 1 2 3 4 5 6 7 8 9 10 11 | 11.5
Necromancy     | 5 6 7 8 9 10 11 12 13 14 | 14.1
Spellcasting   | 3 4 6 7 8 10 11 12 14 | 14.9
Charms         | 1 2 |  2.0
Dodging        | 3 4 5 6 8 9 10 | 10.0
Conjurations   | 2 4 5 6 |  6.0
Poison Magic   | 2 3 |  3.0
Air Magic      | 2 3 |  3.0
Earth Magic    | 2 3 |  3.0
Staves         | 2 3 5 6 8 |  8.3
Stealth        | |  1.7

Action                   |  1- 3 |  4- 6 |  7- 9 | 10-12 | 13-15 || total
-------------------------+-------+-------+-------+-------+-------++-------
Melee: Dagger            |    37 |       |       |       |       ||    37
       Quarterstaff      |       |    17 |   213 |   207 |       ||   437
       Kick              |       |       |    34 |    72 |       ||   106
       Lajatang          |       |       |       |   245 |   372 ||   617
 Fire: Hunting sling     |       |       |       |    35 |    14 ||    49
Throw: Stone             |     1 |     4 |    16 |     5 |       ||    26
 Cast: Pain              |    52 |   112 |    71 |    18 |       ||   253
       Animate Skeleton  |     8 |    21 |    26 |    10 |     3 ||    68
       Vampiric Draining |     1 |     4 |     3 |     9 |       ||    17
       Regeneration      |       |     1 |       |    12 |    17 ||    30
       Animate Dead      |       |       |       |    45 |   112 ||   157
       Mephitic Cloud    |       |       |       |     1 |       ||     1
       Bolt of Draining  |       |       |       |     5 |   265 ||   270
       Borgnjor's Vile C |       |       |       |     5 |   136 ||   141
       Blink             |       |       |       |     3 |    12 ||    15
       Sublimation of Bl |       |       |       |       |   114 ||   114
       Dispel Undead     |       |       |       |       |     9 ||     9
Invok: Receive Corpses   |       |       |       |     2 |     1 ||     3
       Torment           |       |       |       |       |     1 ||     1
       Receive Necronomi |       |       |       |       |     1 ||     1
  Use: Scroll            |     4 |     6 |     8 |    12 |    13 ||    43
       Potion            |       |       |       |     2 |       ||     2
 Stab: Paralysed         |       |       |     9 |     4 |       ||    13
       Sleeping          |       |       |     3 |     3 |     6 ||    12
       Confused          |       |       |     1 |     1 |       ||     2
       Petrifying        |       |       |     1 |       |       ||     1
       Distracted        |       |       |       |     5 |     1 ||     6
  Eat: Ration            |     2 |       |       |     3 |    14 ||    19
       Chunk             |     1 |    13 |    19 |    18 |    16 ||    67
Armor: Robe              |     4 |       |       |       |    80 ||    84
       Leather armour    |       |    10 |    65 |   110 |    17 ||   202
Dodge: Dodged            |    29 |    22 |    91 |   371 |   414 ||   927
Block: Other             |       |     9 |    34 |   109 |   165 ||   317
       Reflection        |       |       |       |       |     7 ||     7
